Cogmind - Beta 17 @@@ ROGUE MODE // 2026.08.10 @ 14:55:37 Player: Yukon_XV Result: Destroyed by Triborg with Siege Cannon Performance ------------- Evolutions (1) 500 Regions Visited (5) 1000 Robots Destroyed (40) 200 Value Destroyed (1109) 1109 Prototype IDs (5) 100 Alien Tech Used (0) 0 Bonus (393) 393 TOTAL SCORE: 3302 Bonus ------- High Alert Combat Kills 17 Follower Combat Kills 76 Registered with UFD 300 Cogmind --------- Core Integrity 0/400 Matter 291/300 Energy 54/100 System Corruption 0% Temperature Cool (0) Movement Walking (400) Ox4 Location -9/Scraptown Parts ------- > --- POWER (1) -------- (None) > --- PROPULSION (3) --- Improved Aluminum Leg > --- UTILITY (3) ------ High-capacity Storage Unit > --- WEAPON (2) ------- Junk Cannon > --- INVENTORY (20) --- Medium Storage Unit Structural Scanner Sensor Array Improved Signal Interpreter Seismic Detector Transport Network Coupler Improved Targeting Computer Improved Targeting Computer Authchip [Propulsion] Authchip [Propulsion] Authchip [Device] Authchip [Armor] Compact Ion Cannon CPS Tube (2) CPS Tube (2) CPS Tube (2) CPS Tube (2) Peak State ------------ > --- POWER ------------ Heavy Ion Engine > --- PROPULSION ------- Improved Aluminum Leg Improved Aluminum Leg Compact Wheel > --- UTILITY ---------- High-capacity Storage Unit Light Armor Plating Medium Armor Plating > --- WEAPON ----------- Junk Cannon > --- INVENTORY -------- Medium Storage Unit Structural Scanner Sensor Array Improved Signal Interpreter Seismic Detector Transport Network Coupler Improved Targeting Computer Improved Targeting Computer Authchip [Propulsion] Authchip [Propulsion] Authchip [Device] Authchip [Armor] Spread Laser Compact Ion Cannon Magnetic Acceleration Cannon CPS Tube CPS Tube CPS Tube CPS Tube [Rating: 29] Favorites ----------- Power Heavy Ion Engine Engine Heavy Ion Engine Propulsion Improved Aluminum Leg Treads Light Treads Leg Improved Aluminum Leg Wheel Compact Wheel Utility Sensor Array Device Sensor Array Storage High-capacity Storage Unit Protection Light Armor Plating Weapon Improved EM Shotgun Energy Gun Improved EM Shotgun Energy Cannon Beam Cannon Ballistic Gun Heavy Assault Rifle Ballistic Cannon Light Cannon Launcher Rocket Launcher Special Weapon Junk Cannon Impact Weapon Mace Slashing Weapon Mining Claw Build | -11 -10 -9 -9 -9 -9 ------- Run | Yrd Mat Mat Sto Rec Scr Slots Evolved 2 | . . 2 . . . Power . | . . . . . . Propulsion 1 | . . 1 . . . Utility 1 | . . 1 . . . Weapon . | . . . . . . Parts Attached 49 | 8 7 7 20 2 5 Power 4 | 1 1 1 1 . . Engine 4 | 1 1 1 1 . . Core . | . . . . . . Reactor . | . . . . . . Propulsion 14 | 3 . 3 8 . . Treads 6 | 1 . 3 2 . . Leg 7 | 2 . . 5 . . Wheel 1 | . . . 1 . . Hover . | . . . . . . Flight . | . . . . . . Utility 12 | 2 3 1 4 . 2 Device 6 | 1 2 1 2 . . Storage 3 | 1 1 . 1 . . Processor . | . . . . . . Hackware . | . . . . . . Protection 3 | . . . 1 . 2 Artifact . | . . . . . . Weapon 19 | 2 3 2 7 2 3 Energy Gun 7 | 2 2 . 2 1 . Energy Cannon 3 | . . 1 2 . . Ballistic Gun 1 | . . 1 . . . Ballistic Cannon 3 | . . . 2 . 1 Launcher 1 | . . . . . 1 Special Weapon 1 | . . . . . 1 Impact Weapon 2 | . . . 1 1 . Slashing Weapon 1 | . 1 . . . . Piercing Weapon . | . . . . . . Special Melee Weapon . | . . . . . . Unidentified Prototypes 5 | . . . 4 . 1 Corrupted Parts 2 | . 2 . . . . System Corruption 5 | . 5 . . . . Parts Lost 9 | . 2 2 . . 5 Power 1 | . . . . . 1 Propulsion 4 | . . 2 . . 2 Utility 3 | . 1 . . . 2 Weapon 1 | . 1 . . . . Highest Loss Streak 5 | . 1 2 . . 5 To Critical Strikes 1 | . . . . . 1 Average Backups 14 | 1 6 7 10 18 19 Power . | . . . . . . Propulsion . | . 1 1 1 1 . Utility 7 | . 2 3 4 11 11 Weapon 4 | . 1 3 4 6 4 Tool/Special . | . . . . . . Unused Backups 23 | . 2 . 6 . 15 Power . | . . . . . . Propulsion 1 | . . . 1 . . Utility 14 | . 1 . 3 . 10 Weapon 4 | . 1 . 2 . 1 Tool/Special 4 | . . . . . 4 Average Slot Usage (%) 97 | . 96 85 99 100 97 Engine 11 | . 14 11 11 11 10 Treads 5 | . . 11 16 . . Leg 19 | . 27 15 14 22 21 Wheel 6 | . . . 1 11 10 Device 19 | . 11 16 21 22 20 Storage 11 | . 14 11 11 11 11 Energy Gun 14 | . 21 4 4 18 19 Energy Cannon 3 | . . 4 9 . . Ballistic Gun 1 | . . 6 3 . . Impact Weapon 1 | . . . 1 3 . Peak Build Rating 29 | 7 9 11 21 22 29 Average Rating 17 | 4 7 9 14 20 22 On Entrance 11 | . 7 9 11 21 21 Avg Prop Armor Cover (%) 14 | . . 11 13 14 13 Naked Turns . | . . . . . . Heaviest Build 72 | 15 20 25 57 57 72 Greatest Support 60 | 20 20 60 60 16 16 Greatest Overweight (x) 5 | 1 1 1 3 3 5 Average Overweight (x) 1 | . . . . 3 3 Largest Inventory Capacity 20 | 8 10 10 20 20 20 Average Capacity 15 | 6 8 10 10 20 20 Most Carried 20 | 3 8 8 15 19 20 Average Carried 14 | 2 6 7 10 18 19 Final Capacity 20 | 8 10 10 20 20 20 Final Carried 19 | 3 7 7 14 19 17 Class Distribution -------------------- 43% | Mutant 37% | Commander-Mutant 18% | Scavenger-Mutant Dominant Class ---------------- Mutant | -10/Materials Scavenger-Mutant | -9/Materials Scavenger-Mutant | -9/Storage Mutant | -9/Recycling Commander-Mutant | -9/Scraptown Resources | -11 -10 -9 -9 -9 -9 ----------- Run | Yrd Mat Mat Sto Rec Scr Matter Collected 1163 | 225 60 126 488 30 234 Remotely . | . . . . . . Salvage Created 1537 | 23 226 126 858 176 128 Parts 113 | 3 12 10 66 17 5 Haulers Intercepted 1 | . 1 . . . . Recyclers Shooed 1 | . 1 . . . . Parts Field Recycled . | . . . . . . Retrieved Matter . | . . . . . . Parts Self-Destructed . | . . . . . . Prevented . | . . . . . . Parts Restored . | . . . . . . Kills | -11 -10 -9 -9 -9 -9 ------- Run | Yrd Mat Mat Sto Rec Scr Combat Hostiles Destroyed 34 | . 5 2 23 2 2 Melee 1 | . . 1 . . . Guns 16 | . 4 1 10 1 . Cannons 15 | . . . 13 . 2 AOE 2 | . 1 . . 1 . Classes Destroyed 11 | 1 3 1 3 1 2 Tunneler 3 | 1 . 1 . 1 . Hauler 1 | . 1 . . . . Recycler 1 | . . . 1 . . Operator 1 | . . . 1 . . Swarmer 10 | . 3 . 7 . . Grunt 13 | . 2 . 11 . . Protector 1 | . . . 1 . . Sentry 7 | . . 2 4 1 . Programmer 1 | . . . . 1 . Bolteater 1 | . . . . . 1 Elite 1 | . . . . . 1 Best Kill Streak 5 | 1 3 1 5 2 1 Combat Bots Only 5 | . 3 1 5 1 1 Max Kills in Single Turn 1 | 1 1 1 1 1 1 Gunslinging . | . . . . . . Exploded 1 | . 1 . . 1 . Melee 1 | . . 1 . . . Uniques/NPCs Destroyed . | . . . . . . Combat | -11 -10 -9 -9 -9 -9 -------- Run | Yrd Mat Mat Sto Rec Scr Hostile Shots Fired 194 | . 19 32 91 10 42 Missed 46 | . 7 8 22 2 7 Hits 148 | . 12 24 69 8 35 Melee 3 | . . . . . 3 Projectile 145 | . 12 24 69 8 32 Critical Strikes 7 | . . . 2 1 4 Damage Taken 2439 | . 192 342 735 165 1005 Core 500 | . 55 45 122 52 226 Absorbed by Shields . | . . . . . . Core Remaining (%) 89 | 100 78 . . . . Volleys Fired 137 | 1 19 5 81 6 25 Largest 2 | 2 2 2 2 2 1 Hottest 125 | 80 80 83 125 90 90 Shots Fired 181 | 2 32 9 101 12 25 Gun 86 | 2 32 5 32 12 3 Cannon 84 | . . 4 69 . 11 Launcher 8 | . . . . . 8 Special 3 | . . . . . 3 Kinetic 42 | . . 5 32 . 5 Thermal 82 | . . 4 69 . 9 Explosive 8 | . . . . . 8 Electromagnetic 46 | 2 32 . . 12 . Impact 3 | . . . . . 3 Robot Hit Streak 23 | 1 8 5 23 8 14 Robot Miss Streak 9 | . 2 2 9 2 1 Penetration Max . | . . . . . . Secondary Targets . | . . . . . . Shots Hit Robots 124 | 1 19 12 67 11 14 Core Hits 78 | 1 8 4 44 11 10 Critical Kills 1 | . . . 1 . . Critical Parts Destroyed . | . . . . . . Critical Strikes 4 | . 2 . 2 . . Destroy 1 | . . . 1 . . Blast 1 | . . . 1 . . Corrupt 2 | . 2 . . . . Melee Attacks 21 | . 2 11 6 2 . Impact 8 | . . . 6 2 . Slashing 13 | . 2 11 . . . Piercing . | . . . . . . Sneak Attacks 1 | . . 1 . . . Combat Hostiles . | . . . . . . Follow-up Attacks . | . . . . . . Damage Inflicted 2716 | 13 364 258 1119 317 645 Guns 750 | 13 261 61 269 81 65 Cannons 1176 | . . 35 850 . 291 Explosions 538 | . 103 . . 236 199 Melee 162 | . . 162 . . . Ramming . | . . . . . . Kinetic 540 | . . 61 329 . 150 Thermal 1370 | . 103 35 790 236 206 Explosive 199 | . . . . . 199 Electromagnetic 355 | 13 261 . . 81 . Impact 90 | . . . . . 90 Slashing 162 | . . 162 . . . Piercing . | . . . . . . Highest Corruption 9 | . 9 . . . . Average Corruption 6 | . 6 . . . . Corruption Purged . | . . . . . . Corruption Blocked . | . . . . . . Effects 1 | . 1 . . . . Data Loss (minor) 1 | . 1 . . . . Overload Shots . | . . . . . . Overflow Damage 25 | . 10 . . 15 . Projectiles . | . . . . . . Explosions 25 | . 10 . . 15 . Melee . | . . . . . . Knockbacks 4 | . . . 4 . . Impact . | . . . . . . Kinetic 4 | . . . 4 . . Secondary . | . . . . . . Self-Inflicted Damage 145 | . 68 . . 46 31 Shots 5 | . 3 . . 1 1 Rammed 1 | . . . 1 . . Targets Rammed 1 | . . . 1 . . Kicked . | . . . . . . Crushed . | . . . . . . Highest Temperature 438 | 18 129 87 287 132 438 Average Temperature 97 | 12 55 49 82 57 270 Received Heat Transfer 417 | . 39 111 267 . . Effects 4 | . . . . . 4 Shutdowns 2 | . . . . . 2 Interference 1 | . . . . . 1 Damage (major) 1 | . . . . . 1 Siege Activations . | . . . . . . Martial Activations . | . . . . . . Shielding Activations . | . . . . . . Robots Disrupted . | . . . . . . Combat Hostiles . | . . . . . . Robots Corrupted . | . . . . . . Combat Hostiles . | . . . . . . Parts Fried 2 | . 2 . . . . Impact Corruptions . | . . . . . . Robots Melted . | . . . . . . Combat Hostiles . | . . . . . . Parts Melted 3 | . . . 3 . . Heat Transferred 1823 | . 100 74 1374 150 125 Parts Sabotaged . | . . . . . . Parts Stolen . | . . . . . . Parts Stripped . | . . . . . . Power Chain Reactions 4 | . 3 . . 1 . Alert | -11 -10 -9 -9 -9 -9 ------- Run | Yrd Mat Mat Sto Rec Scr Maximum Alert Level 2 | . . . 2 . . Low Security (%) 85 | 100 100 100 69 100 . Level 1 5 | . . . 12 . . Level 2 8 | . . . 17 . . Level 3 . | . . . . . . Level 4 . | . . . . . . Level 5 . | . . . . . . High Security . | . . . . . . Max Security . | . . . . . . Peak Influence 428 | 5 101 30 428 174 . Initial 154 | . . . . 154 . Average 90 | . 28 6 154 49 . Influence Increases 1163 | 5 154 65 837 92 10 Destroy 0b10 Robot/C 660 | . 100 40 480 40 . Destroy 0b10 Robot/NC 60 | 5 5 5 20 15 10 Destroy Leader 142 | . 22 20 100 . . Allied During Kill 6 | . . . 6 . . Successful Hack 47 | . . . 17 30 . Disable Machine 45 | . . . 45 . . Destroy Structure 23 | . 12 . 4 7 . Lose Combat Pursuer 180 | . 15 . 165 . . Influence Decreases 1163 | 5 154 65 439 490 10 Entered New Map 244 | . . . . 244 . Time Decay 849 | 5 134 65 399 246 . Lost Part 20 | . 20 . . . . Lost Ally 50 | . . . 40 . 10 Squads Dispatched 7 | . . 2 5 . . Investigation 1 | . . . 1 . . Extermination . | . . . . . . Reinforcement 4 | . . 2 2 . . Assault 2 | . . . 2 . . Garrison . | . . . . . . Intercept . | . . . . . . Searches Triggered . | . . . . . . Construction Impeded . | . . . . . . Haulers Reinforced . | . . . . . . Active Scanning Responses . | . . . . . . Cargo Convoy Interrupts . | . . . . . . Stealth | -11 -10 -9 -9 -9 -9 --------- Run | Yrd Mat Mat Sto Rec Scr Distress Signals 3 | . . 1 2 . . Communications Jammed . | . . . . . . Distress Signals . | . . . . . . Times Spotted 72 | . 10 5 45 1 11 Peak Tracking Total 16 | . 3 3 9 1 16 Tactical Retreats 7 | . 1 . 5 . 1 Traps | -11 -10 -9 -9 -9 -9 ------- Run | Yrd Mat Mat Sto Rec Scr Traps Triggered 2 | . 2 . . . . Indirectly . | . . . . . . Trap Hack Attempts . | . . . . . . Triggered . | . . . . . . Disarmed . | . . . . . . Reprogrammed . | . . . . . . Reused . | . . . . . . Traps Extracted . | . . . . . . Installed . | . . . . . . Triggered . | . . . . . . Machines | -11 -10 -9 -9 -9 -9 ---------- Run | Yrd Mat Mat Sto Rec Scr Machines Disabled 3 | . . . 3 . . Max in Single Turn 1 | . . . 1 . . Machines Repaired . | . . . . . . Machines Dismantled . | . . . . . . Machines Sabotaged . | . . . . . . Overloaded Fab Kills . | . . . . . . Hacking | -11 -10 -9 -9 -9 -9 --------- Run | Yrd Mat Mat Sto Rec Scr Machines Accessed 12 | . 1 . 7 3 1 Terminals 11 | . 1 . 7 3 . Fabricators . | . . . . . . Repair Stations . | . . . . . . Recycling Units . | . . . . . . Scanalyzers . | . . . . . . Garrison Access . | . . . . . . Total Hacks 35 | . 3 . 19 10 3 Successful 15 | . 1 . 6 5 3 Failed 20 | . 2 . 13 5 . Catastrophic 3 | . . . 1 2 . Database Lockouts . | . . . . . . Manual 17 | . . . 9 8 . Terminals 32 | . 3 . 19 10 . Fabricators . | . . . . . . Repair Stations . | . . . . . . Recycling Units . | . . . . . . Scanalyzers . | . . . . . . Garrison Access . | . . . . . . Terminal Hacks 13 | . 1 . 6 3 3 Record 3 | . . . . . 3 Part Schematic 2 | . . . . 2 . Open Door 3 | . . . 3 . . Terminal Index 2 | . . . 1 1 . Locate Traps 2 | . 1 . 1 . . Zone Layout 1 | . . . 1 . . Fabricator Hacks . | . . . . . . Repair Station Hacks . | . . . . . . Recycling Unit Hacks . | . . . . . . Scanalyzer . | . . . . . . Garrison Access Hacks . | . . . . . . Unauthorized Hacks 2 | . . . . 2 . Terminals 2 | . . . . 2 . Botnet 2 | . . . . 2 . Fabricators . | . . . . . . Repair Stations . | . . . . . . Recycling Units . | . . . . . . Scanalyzers . | . . . . . . Garrison Access . | . . . . . . Data Cores Recovered . | . . . . . . Used . | . . . . . . Hacking Detections 7 | . 1 . 4 2 . Full Trace Events 3 | . . . 1 2 . Feedback Events . | . . . . . . Feedback Blocked . | . . . . . . Robot Schematics Acquired . | . . . . . . Robots Built . | . . . . . . Authchips . | . . . . . . Time . | . . . . . . Total Robot Build Rating . | . . . . . . Part Schematics Acquired 2 | . . . . 2 . Parts Built . | . . . . . . Authchips . | . . . . . . Time . | . . . . . . Total Part Build Rating . | . . . . . . Part Studies Acquired . | . . . . . . Parts Repaired . | . . . . . . Time . | . . . . . . Parts Recycled . | . . . . . . Recycled Matter . | . . . . . . Retrieved Matter . | . . . . . . Retrieved Components . | . . . . . . Parts Scanalyzed . | . . . . . . Part Schematics Acquired . | . . . . . . Parts Damaged . | . . . . . . Bothacking | -11 -10 -9 -9 -9 -9 ------------ Run | Yrd Mat Mat Sto Rec Scr Used RIF Installer . | . . . . . . Robots Hacked . | . . . . . . Non-combat . | . . . . . . Combat . | . . . . . . Robot Hacks Applied . | . . . . . . Relay Couplers Released . | . . . . . . Fabnet Peak Effective % . | . . . . . . Robots Rewired 7 | . . . . 7 . Allies Hacked . | . . . . . . Hacks Repelled . | . . . . . . Allies | -11 -10 -9 -9 -9 -9 -------- Run | Yrd Mat Mat Sto Rec Scr Total Allies 9 | . . . 2 7 . Largest Group 7 | . . . 2 7 7 Highest-Rated Group 86 | . . . 62 86 86 Highest-Rated Ally 31 | . . . 31 27 27 Total Orders 2 | . . . 2 . . EXPLORE 2 | . . . 2 . . Ally Attacks 30 | . . . 12 . 18 Total Damage 325 | . . . 165 . 160 Kills 4 | . . . 2 . 2 Allies Corrupted . | . . . . . . Allies Melted . | . . . . . . Intel | -11 -10 -9 -9 -9 -9 ------- Run | Yrd Mat Mat Sto Rec Scr Active Infowar (turns) 4538 | 5 347 190 1411 821 1764 Sensors 4157 | . 133 181 1260 821 1762 Structural 2933 | . . . 962 821 1150 Seismic 1466 | 5 214 186 449 . 612 Robot Analysis Total . | . . . . . . Derelict Logs Recovered . | . . . . . . Drone Launches 2 | . . . 2 . . Drone Recoveries 1 | . . . 1 . . Exploration | -11 -10 -9 -9 -9 -9 ------------- Run | Yrd Mat Mat Sto Rec Scr Turns Passed 4904 | 81 466 255 1411 821 1870 Spaces Moved 2603 | 54 305 101 613 461 1069 Core 9 | 9 . . . . . Treads 289 | . . 46 243 . . Legs 662 | 45 305 55 253 . 4 Wheels 1643 | . . . 117 461 1065 Hover . | . . . . . . Flight . | . . . . . . Fastest Speed 50 | 50 120 120 115 145 145 Average Speed 140 | 112 120 154 138 145 146 Slowest Speed 470 | 120 190 240 190 145 470 Overloaded Moves . | . . . . . . Propulsion Burnouts . | . . . . . . Robots Hopped . | . . . . . . Potential Cave-ins . | . . . . . . Cave-ins Triggered . | . . . . . . Exploration Rate (%) 46 | 3 49 5 67 84 70 Regions Visited 5 Branch Regions 3 Pre-discovered Areas 1 | . . . 1 . . Known Exits Taken . | . . . . . . Unknown Exits Taken 5 | 1 1 1 1 1 . Scrap Searched 5 | . . . . . 5 Spaces Dug 5 | . . . 2 2 1 Terrain Destroyed 122 | . 11 . 2 7 102 Melee 4 | . . . 2 2 . Projectile 1 | . . . . . 1 AOE 117 | . 11 . . 5 101 Terrain Rammed . | . . . . . . Walls Destroyed . | . . . . . . Machines Disabled . | . . . . . . Actions | -11 -10 -9 -9 -9 -9 --------- Run | Yrd Mat Mat Sto Rec Scr Total 3614 | 68 365 167 1065 596 1353 Wait 590 | 2 18 35 288 27 220 Move 2598 | 53 304 100 612 460 1069 Hop . | . . . . . . Pick Up 43 | 3 7 . 18 5 10 Fast Attach 33 | 8 5 8 10 . 2 Attach 7 | . 1 1 1 . 4 Detach 6 | . 1 1 4 . . Swap 37 | . 4 2 19 4 8 Drop 49 | 1 4 4 25 . 15 Fire 137 | 1 19 5 81 6 25 Melee 21 | . 2 11 6 2 . Ram . | . . . . . . Kick . | . . . . . . Crush 1 | . . . 1 . . Escape Stasis . | . . . . . . Rewire 92 | . . . . 92 . Trap . | . . . . . . Miscellaneous . | . . . . . . Route ------- -11/Scrapyard -10/Materials (discovered 3 exits: [*Mat x2] / [*Min]) -9/Materials -9/Storage -9/Recycling (discovered 2 exits: [*Fac] / *Scr) -9/Scraptown History --------- Turn | Location | Event 16 | -11/Scrapyard | Discovered new exit (range 15) 82 | -11/Scrapyard | Entered Materials 100 | -10/Materials | Discovered new exit (range 15) 311 | -10/Materials | Build established: Mutant 313 | -10/Materials | Discovered new exit (range 16) 509 | -10/Materials | Discovered new exit (range 5) 548 | -10/Materials | Entered another Materials area 548 | -9/Materials | Evolved 2 slots: Propulsion x1, Utility x1 580 | -9/Materials | Discovered new exit (range 16) 803 | -9/Materials | Entered Storage 948 | -9/Storage | Build established: Scavenger-Mutant 1373 | -9/Storage | Learned location of Armory (-3) 1643 | -9/Storage | Met a pair of Derelict thieves 1839 | -9/Storage | Build established: Mutant 2210 | -9/Storage | Used back door to open Recycling access 2210 | -9/Storage | Discovered new exit (range 4) 2214 | -9/Storage | Entered Recycling 2497 | -9/Recycling | Scanned before Scraplab entrance 2555 | -9/Recycling | Core integrity fell below 50% 2683 | -9/Recycling | Discovered new exit (range 16) 3005 | -9/Recycling | Discovered new exit (range 12) 3009 | -9/Recycling | Entered Scraplab 3035 | -9/Recycling | Entered Scraptown 3035 | -9/Scraptown | Accompanied by 7 allies 3179 | -9/Scraptown | Build established: Commander-Mutant 3478 | -9/Scraptown | Visited SPCMW 3505 | -9/Scraptown | Visited The Evicted 3528 | -9/Scraptown | Heard Great Nut preacher, LISTEN AND RECITE! 3541 | -9/Scraptown | Visited Spacefarers 3697 | -9/Scraptown | Visited Fellowship of the Rings 3916 | -9/Scraptown | Visited Red Mages 3971 | -9/Scraptown | Visited Awakened 3980 | -9/Scraptown | Visited TADAMA 4237 | -9/Scraptown | Visited UFD Registry 4237 | -9/Scraptown | Registered with UFD as "Wavecell" 4272 | -9/Scraptown | Visited LU-1G1's Boring Crew 4392 | -9/Scraptown | Visited Abandonware Association 4411 | -9/Scraptown | Learned abandonware demo "MELTYB.EXE" 4616 | -9/Scraptown | Visited Junk Cannon Lab 4625 | -9/Scraptown | Found Prototype Special Weapon 4625 | -9/Scraptown | Identified Junk Cannon 4724 | -9/Scraptown | Attacked by Scraptown defenders 4783 | -9/Scraptown | Lost 7 allies 4900 | -9/Scraptown | Core integrity fell below 20% 4905 | -9/Scraptown | Destroyed by Triborg with Siege Cannon Last Messages --------------- 04893_ Dropped Magnetic Acceleration Cannon. 04893_ Siege Slug penetrates Reinforced Barrier. 04893_ Knocked back. 04893_ Dropped Spread Laser. 04895_ Penetrated by Siege Slug. 04895_ Med. Armor Plating destroyed. 04897_ Penetrated by Siege Slug. 04897_ Hvy. Ion Engine destroyed. 04897_ Siege Slug penetrates Earth. 04899_ Penetrated by Siege Slug. 04899_ Knocked back. 04903_ MJ-2VC(r) follow-up attacks with Ripteeth. 04903_ Siege Slug penetrates Reinforced Barrier. 04903_ Penetrated by Siege Slug. 04903_ MJ-2VC(r) destroyed. 04904_ Junk Cannon collects and crushes Spread Laser. 04905_ FB-X8A(j): "0b10-spawn!" 04905_ Penetrated by Siege Slug. Map ----- +----------------------------------------------------+ | ?? #"" "???????????????????????????????? | | ?? ???????????????????????????????? | | ?? "##?????????????????????????????? | | ?? #"" "##?????????????????????????????? | | ??##"" "##?????????????????????????????? | | ??##"" "##?????????????????????????????? | | ??##"" "#######????????????????????????? | | ####"" "#######????????????????????????? | | ####"" "## # ????????????????????????? | | """""" "## " ????????????????????????? | | """""" # ????????????????????????? | | "## # #?????????????????? | | "## ##########????????????????? | | "## """"""""##????????????????? | | ## [ ""##????????????????? | | # [ ""##????????????????? | | "" """" " ## " ""##????????????????? | | ## ###### %## " """"""##????????????????? | | """"""""# ## """"""""##????????????????? | | ? # ###############????????????????? | | "" "?"# ##############?????????????????? | | "# #####??????#####???????#####???? | | "" " """# ##################?###?######??? | | "" " "?"# ##;########## #### # ###??? | | ? " ?"# TT # %# # # # ??? | | ?"""""?"# j [ !! ;;]@ # # # ##??? | | ?###???## %j= r ! %[=r/% # # ##??? | | ?###???## !*%! = %#%% # % ##??? | | ???????## %[! %# % # ## ##??? | | ######### ############## # # # ##??? | | ######### ############## ##### # #??? | | """##"|"# """"##??????######## # # ##??? | | "" ##" # "" "##??????######??## ##??? | | "##??????????????#########??? | | / " "##???????????????########??? | | """"##?????????????????????????? | | %##""|## #######?????????????????????????? | | """##"""##########?????????????????????????? | | #############??????????????????????????????? | | ##########?????????????????????????????????? | | ???????????????????????????????????????????? | | ???????????????????????????????????????????? | | ???????????????????????????????????????????? | | ???????????????????????????????????????????? | | ???????????????????????????????????????????? | | ???????????????????????????????????????????? | | ???????????????????????????????????????????? | | ???????????????????????????????????????????? | | ???????????????????????????????????????????? | | ???????????????????????????????????????????? | +----------------------------------------------------+ Best States ------------- Heat Dissipation 42 Energy Generation 14 Energy Capacity 280 Matter Stores 300 Matter Capacity 300 Sight Range 16 Robot Scan Range 14 Terrain Scan Density 10 Armor Coverage 375 Evasion (%) 55 Recoil Reduction 3 Authchip Count 4 Item Schematics ----------------- EM Shotgun | -9/Recycling | Hacked Hvy. EM Pulse Gun | -9/Recycling | Hacked Robot Schematics ------------------ None Fabricated ------------ Nothing Repaired ---------- Nothing Studied --------- None Alien Tech Used ----------------- None Achievements -------------- None Challenges ------------ None Game ------ Seed LobotomyGatlingMaterializer Manual? 0 Play Time 00:53:59 Cumulative 150.6 hours Start 2026.08.10 @ 13:55:49 End 2026.08.10 @ 14:55:37 Sessions 1 Manual Loads 0 Difficulty Rogue Special Mode None Game No. 108 Rogue 108 Adventurer 0 Explorer 0 Win Type - Total 1 Types 1/0/0/0/0/0/0/0/0/0 Lore% 64 Gallery% 50 Achievement% 44 Wizard Run 0 Options --------- Layout 1 ASCII 0 Keyboard 0 Movement Mouse Keybinds 0 Fullscreen 1 Font 24/Smallcaps Map View 50x35 Zoom Use 0% Tactical HUD 1 Map Filters NONE Filters NONE Steam 1 RUN: 13ed77d5-7ae7-45f8-9c8d-c3f26146cb32